 Dungeon Crawl Stone Soup version 0.31.0-32-g396128a36d (webtiles) character file.

Game seed: 12219966530056795095

3510 Buffagor the Mimic (level 10, 0/55 (58) HPs)
             Began as an Octopode Shapeshifter on Mar 25, 2024.
             Was an Elder of Jiyva.
             Slain by a wight
             ... wielding a +3 spear
              (3 damage)
             ... on level 8 of the Dungeon.
             The game lasted 00:19:43 (6343 turns).

Buffagor the Mimic (Octopode Shapeshifter)          Turns: 6343, Time: 00:19:43

HP:   0/55 (58)     AC:  5    Str: 13    XL:     10   Next: 8%
MP:   10/10         EV: 17    Int: 21    God:    Jiyva [****..]
Gold: 235           SH:  5    Dex: 18    Spells: 9/9 levels left

rFire   . .          .
                       - Unarmed
rCold   . . .        (shield currently unavailable)
rNeg    . . .        (helmet restricted)
rPois   .            o - amulet of reflection
rElec   .            j - +4 ring of slaying
rCorr   +            f - +4 ring of protection
SInv    .            D - +6 ring of dexterity
Will    .....        (no ring)
Stlth   +            (no ring)
HPRegen 1.57/turn    (no ring)
MPRegen 0.76/turn    (no ring)
                     (no ring)

%: reflection
@: lethally poisoned (0 -> -1), flux-form, glowing, drained
A: glow, contaminating, almost no armour, amphibious, 8 rings, camouflage 1,
gelatinous body 1, (nimble swimmer 1), tentacles, clever 2, eyeballs 1,
MP-powered wands
a: Begin Untransformation, Renounce Religion, Oozemancy, Slimify


You were on level 8 of the Dungeon.
You worshipped Jiyva.
Jiyva was greatly pleased with you.
You were something dangerously unstable.
You visited 1 branch of the dungeon, and saw 8 of its levels.
You also visited: Sewer.

You collected 235 gold pieces.

Inventory:

Missiles
 p - 2 boomerangs
 u - 6 javelins
 B - 24 stones (quivered)
 E - a throwing net
 J - a curare-tipped dart
Jewellery
 f - a +4 ring of protection (right tentacle)
 j - a +4 ring of slaying (left tentacle)
 o - an amulet of reflection (around mantle)
 t - a ring of magical power
 D - a +6 ring of dexterity (on tentacle)
 G - a ring of magical power
 I - a ring of ice
Talismans
 b - a beast talisman
 c - a flux talisman (active)
Wands
 g - a wand of acid (3)
 v - a wand of charming (6)
 w - a wand of flame (10)
Scrolls
 e - a scroll of amnesia
 k - a scroll of blinking {unknown}
 n - a scroll of butterflies {unknown}
 s - a scroll of revelation
 y - a scroll of teleportation {unknown}
 C - a scroll of vulnerability {unknown}
 F - 2 scrolls of identify
 H - a scroll of fog {unknown}
 K - a scroll of enchant weapon {unknown}
Potions
 a - a potion of lignification
 d - a potion of degeneration
 h - 2 potions of curing {unknown}
 i - a potion of experience {unknown}
 l - 3 potions of heal wounds {unknown}
 m - 4 potions of invisibility
 q - a potion of magic {unknown}
 r - a potion of mutation {unknown}
 x - 2 potions of brilliance {unknown}
 z - a potion of attraction {unknown}
 A - a potion of cancellation {unknown}


   Skills:
 - Level 1.0 Fighting
 - Level 2.0 Dodging
 - Level 8.0 Unarmed Combat
 + Level 11.4 Shapeshifting


You had 9 spell levels left.
You didn't know any spells.
Your spell library contained the following spells:

 Spells                   Type           Power      Damage    Failure   Level
 Foxfire                  Conj/Fire      0%         2x1d4     19%         1
 Mercury Vapours          Alch/Air       0%         N/A       26%         2
 Call Canine Familiar     Summ           0%         N/A       47%         3
 Mephitic Cloud           Conj/Alch/Air  0%         N/A       47%         3
 Sigil of Binding         Hex            0%         N/A       47%         3
 Dimensional Bullseye     Hex/Tloc       0%         N/A       87%         4
 Freezing Cloud           Conj/Ice/Air   0%         6-21      99%         5
 Plasma Beam              Fire/Air       0%         2x1d10    100%        6
 Starburst                Conj/Fire      0%         6d3       100%        6


Dungeon Overview and Level Annotations

Branches:
Dungeon (8/15)             Temple (0/1) D:6           Sewer (visited)
   Lair: D:8-11

Altars:
Kikubaaqudgha
Okawaru
Ru
Vehumet
Xom

Shops:
D:5 =   D:6 :


Innate Abilities, Weirdness & Mutations

You are something dangerously unstable.
You glow with magical radiation, making you easy to see and hit.
Foes you strike become dangerously contaminated with magical radiation.
You are incapable of wielding weapons or throwing items.
You cannot wear most types of armour.
You are amphibious.
You can wear up to eight rings at the same time.
Your skin changes colour to match your surroundings (Stealth+).
Your rubbery body absorbs attacks. (AC +1, EV +1)
((You are camouflaged when in or above water. (Stealth+)))
You have tentacles for arms and can constrict up to eight enemies at once.
Your mind is very acute. (Int +8, Str/Dex -2)
Your body has grown eyes which may confuse attackers. (Acc +3)
You expend magic power (3 MP) to strengthen your wands.


Message History

The killer bee barely misses you.
Unknown command.
Unknown command.
You release your grip on the wight.
You feel very sick. The killer bee stings you.
* * * LOW HITPOINT WARNING * * *
The killer bee misses you. The killer bee stings you.
* * * LOW HITPOINT WARNING * * *
The killer bee misses you.
You feel sick.
The killer bee attacks as it pursues you!
The killer bee stings you.
* * * LOW HITPOINT WARNING * * *
The killer bee completely misses you. x2
You feel sick. The wight attacks as it pursues you! The wight misses you.
The killer bee barely misses you. The killer bee closely misses you.
You feel sick. You block the killer bee's attack.
The wight attacks as it pursues you! The wight misses you.
The wight attacks as it pursues you! The wight barely misses you.
The killer bee misses you.
You feel sick.
The killer bee attacks as it pursues you!
The killer bee stings you.
* * * LOW HITPOINT WARNING * * *
You are more poisoned.
The killer bee poisons you! The killer bee barely misses you.
The killer bee misses you.
You feel very sick.
The killer bee attacks as it pursues you!
The killer bee stings you but does no damage.
The eyeballs on your body gaze at the killer bee.
The killer bee misses you. The wight attacks as it pursues you!
The wight hits you but does no damage. The killer bee barely misses you.
You feel sick.
The wight stops glowing.
The killer bee misses you. The wight attacks as it pursues you!
The wight hits you from afar with a +3 spear!
* * * LOW HITPOINT WARNING * * *
You feel drained.
You die...

.............))...#
.8...........)<..## ##
............>)...####..
...................#...
._.....................
..................>.## #.
..#...............### ...
.......<..........#.##.#
..........#.py.........# ..
.....##.###...........###..
.... #... #.zyzz......##.#.
#.. ##.# #....z.....##....
.. <.# #................ .
............)........
#.#........z...(......
...........††.......
....................


You could see 2 killer bees and 5 wights.

Vanquished Creatures
  A two-headed ogre (D:7)
  Maurice (D:8)
  Prince Ribbit (D:5)
  A wyvern (D:7)
  Eustachio (D:5)
  2 humans (D:7)
  3 water moccasins
  Duvessa (D:6)
  A black bear (D:5)
  A kobold brigand (D:8)
  A phantom (D:5)
  Blork the orc (D:5)
  A gnoll sergeant (D:7)
  A scorpion (D:4)
  4 wights (D:6)
  Dowan (D:6)
  4 killer bees (D:8)
  2 jellies (Sewer)
  A bombardier beetle (D:7)
  2 hounds (D:6)
  2 iguanas
  Ijyb (D:4)
  Natasha (twice) (D:4)
  4 orc wizards
  3 gnolls (D:7)
  9 adders
  3 river rats
  3 shadow imps
  2 white imps
  2 ufetubi (D:5)
  2 ribbon worms (D:2)
  11 orcs
  3 ball pythons
  6 bats
  4 endoplasms (Sewer)
  18 giant cockroaches
  5 hobgoblins
  8 jackals (D:3)
  12 kobolds
  5 quokkas
  4 frilled lizards
  4 goblins
  10 rats
154 creatures vanquished.

Vanquished Creatures (others)
  A phantom (D:5)
  A kobold brigand (D:7)
  A wight (D:6)
  2 howler monkeys (D:7)
  2 hounds
  10 jellies
  Natasha (D:4)
  2 orcs (D:5)
  A hobgoblin (D:4)
  2 kobolds (D:7)
23 creatures vanquished.

Grand Total: 177 creatures vanquished

Notes
Turn   | Place    | Note
-------+----------+-------------------------------------------
     0 | D:1      | Buffagor the Octopode Shapeshifter began the quest for the
                  | Orb.
     0 | D:1      | Reached XP level 1. HP: 13/13 MP: 1/1
     8 | D:1      | Noticed an electric eel
    40 | D:1      | Found a faded altar of an unknown god.
   255 | D:1      | Reached XP level 2. HP: 18/18 MP: 2/2
   707 | D:2      | Reached XP level 3. HP: 23/23 MP: 3/3
  1234 | D:3      | Reached skill level 4 in Shapeshifting
  1238 | D:3      | Reached XP level 4. HP: 28/28 MP: 4/4
  1806 | D:4      | Found a glowing drain.
  1810 | Sewer    | Entered a sewer
  1826 | Sewer    | Reached XP level 5. HP: 33/33 MP: 5/5
  1930 | Sewer    | Found a viscous altar of Jiyva.
  1950 | Sewer    | Reached skill level 5 in Shapeshifting
  2063 | Sewer    | Identified the +2 robe of the Last Heavens {^Drain Will++
                  | rCorr Dex+3}
  2086 | Sewer    | Reached XP level 6. HP: 19/38 MP: 6/6
  2205 | Sewer    | Became a worshipper of Jiyva Juzut the Shapeless
  2377 | D:4      | Noticed Ijyb
  2388 | D:4      | Killed Ijyb
  2536 | D:4      | Reached * piety under Jiyva
  2582 | D:4      | Noticed Natasha
  2585 | D:4      | Killed Natasha
  2789 | D:4      | Noticed Natasha
  2792 | D:4      | Killed Natasha
  2799 | D:4      | Killed Natasha
  3953 | D:5      | Entered Level 5 of the Dungeon
  3953 | D:5      | Noticed Blork the orc
  3958 | D:5      | Killed Blork the orc
  3959 | D:5      | Reached skill level 5 in Unarmed Combat
  3959 | D:5      | Reached skill level 6 in Shapeshifting
  3959 | D:5      | Reached XP level 7. HP: 29/43 MP: 7/7
  4049 | D:5      | Noticed Eustachio
  4071 | D:5      | Killed Eustachio
  4147 | D:5      | Found a shimmering altar of Xom.
  4158 | D:5      | Reached skill level 7 in Shapeshifting
  4246 | D:5      | Reached XP level 8. HP: 48/48 MP: 8/8
  4296 | D:5      | Noticed Prince Ribbit
  4303 | D:5      | Killed Prince Ribbit
  4323 | D:5      | Reached ** piety under Jiyva
  4326 | D:5      | Found Gikkipt's Jewellery Emporium.
  4881 | D:6      | Noticed Duvessa
  4890 | D:6      | Killed Duvessa
  4891 | D:6      | Reached skill level 8 in Shapeshifting
  4891 | D:6      | Reached XP level 9. HP: 45/53 MP: 9/9
  4909 | D:6      | Noticed Dowan
  4922 | D:6      | Killed Dowan
  4948 | D:6      | Found a staircase to the Ecumenical Temple.
  5021 | D:6      | Reached *** piety under Jiyva
  5027 | D:6      | Found Puw Arut's Self-Improvement Boutique.
  5029 | D:6      | Gained mutation: You expend magic power (3 MP) to
                  | strengthen your wands. [Jiyva's grace]
  5029 | D:6      | Gained mutation: Your mind is acute. (Int +4, Str/Dex -1)
                  | [Jiyva's grace]
  5029 | D:6      | Gained mutation: Your mind is very acute. (Int +8, Str/Dex
                  | -2) [Jiyva's grace]
  5029 | D:6      | Gained mutation: Your body has grown eyes which may confuse
                  | attackers. (Acc +3) [Jiyva's grace]
  5536 | D:7      | Reached skill level 9 in Shapeshifting
  5633 | D:7      | Reached **** piety under Jiyva
  5772 | D:7      | Found a sacrificial altar of Ru.
  5902 | D:7      | Found an iron altar of Okawaru.
  6120 | D:7      | Noticed a two-headed ogre
  6146 | D:7      | Killed a two-headed ogre
  6147 | D:7      | Reached skill level 10 in Shapeshifting
  6236 | D:8      | Found an ancient bone altar of Kikubaaqudgha.
  6266 | D:8      | Noticed Maurice
  6278 | D:8      | Maurice stole a ring of ice
  6279 | D:8      | Killed Maurice
  6280 | D:8      | Reached skill level 11 in Shapeshifting
  6280 | D:8      | Reached XP level 10. HP: 41/58 MP: 10/10
  6299 | D:8      | Found a radiant altar of Vehumet.
  6343 | D:8      | Slain by a wight

Illustrated notes

Levels and vault maps discovered:
D:1:      arrival_aquarium_a, layout_rooms,
          shapermc_ecumenical_altar_mp_urbaneastern
D:2:      layout_loops_ring
D:3:      minmay_roachtagon, layout_basic
D:4:      layout_basic, gup_sewer_entry_bowl, uniq_natasha, uniq_ijyb
D:5:      layout_loops_ring, overflow_temple_1_default, serial_shops,
          nicolae_shop_just_a_little_nook, grunt_ministairs_8,
          uniq_prince_ribbit1, uniq_eustachio, uniq_blork_the_orc
D:6:      layout_basic, minmay_temple_entry_purple_smoke, serial_glass,
          glass_columns_a, glass_columns_a, glass_columns_b, glass_columns_c,
          glass_columns_a, nicolae_shop_self_help, uniq_duvessa
D:7:      layout_loops_ring, okawaru_humans,
          mainiacjoe_overflow_concentric_impassable, grunt_ministairs_12,
          minmay_misc_feat_rugged
D:8:      layout_cave_pools, grunt_temple_overflow_open, serial_shops, shop,
          uniq_maurice

Skill      XL: |  1  2  3  4  5  6  7  8  9 |
---------------+----------------------------+-----
Shapeshifting  | 4 5 6 7 8 11 | 11.4
Unarmed Combat | 4 5 6 8 |  8.0
Fighting       | |  1.0
Dodging        | |  2.0

Action                     |  1- 3 |  4- 6 |  7- 9 | 10-12 || total
---------------------------+-------+-------+-------+-------++-------
  Melee: Unarmed           |    67 |    78 |   170 |    12 ||   327
         Constrict         |    16 |    18 |    46 |     7 ||    87
         Tentacles         |     6 |    11 |    41 |     7 ||    65
         Punch             |       |     2 |     1 |       ||     3
  Throw: Stone             |    27 |    16 |       |       ||    43
    Use: Scroll            |       |     6 |       |       ||     6
   Stab: Sleeping          |     3 |     5 |       |       ||     8
         Confused          |       |       |     3 |       ||     3
 Armour: Skin              |    26 |    29 |    68 |    22 ||   145
  Dodge: Dodged            |    26 |    22 |    99 |    34 ||   181
  Block: Other             |     5 |     6 |    34 |     8 ||    53
         Reflection        |       |       |     1 |       ||     1
   Form: Flux              |       |       |     1 |       ||     1
